 Dungeon Crawl Stone Soup version 0.31-a0-408-gb642c7f9a3 (webtiles) character file.

Game seed: 14532750402370941295

490 floatRand the Ruffian (level 6, -3/47 HPs)
             Began as a Draconian Shapeshifter on July 29, 2023.
             Was an Initiate of Ru.
             Killed by divine providence
             ... invoked by an orc priest
              (9 damage)
             ... on level 5 of the Dungeon.
             The game lasted 00:03:12 (3263 turns).

floatRand the Ruffian (Draconian Shapeshifter)      Turns: 3263, Time: 00:03:12

Health: -3/47      AC: 10    Str: 17    XL:     6   Next: 90%
Magic:  6/6        EV: 12    Int:  9    God:    Ru [......]
Gold:   149        SH:  0    Dex: 13    Spells: 5/5 levels left

rFire   . .          .
                       - Unarmed
rCold   . . .        (no shield)
rNeg    . . .        (body armour unavailable)
rPois   .            (helmet currently unavailable)
rElec   .            (cloak currently unavailable)
rCorr   .            (gloves currently unavailable)
SInv    .            (boots currently unavailable)
Will    .....        g - amulet of regeneration
Stlth   +            d - +4 ring of protection
HPRegen 1.07/turn    (no ring)
MPRegen 0.10/turn

%: no passive effects
@: beast-form
A: beast (slay +3), AC +6, unfitting armour, cold-blooded
a: Begin Untransformation, Renounce Religion


You were on level 5 of the Dungeon.
You worshipped Ru.
Ru was noncommittal.
You were a hulking beast.
You visited 1 branch of the dungeon, and saw 5 of its levels.

You collected 149 gold pieces.

Inventory:

Jewellery
 d - a +4 ring of protection (left hand)
 g - an amulet of regeneration (around neck)
Talismans
 b - a beast talisman
Scrolls
 a - a scroll of vulnerability
 f - 2 scrolls of teleportation {unknown}
 i - a scroll of revelation {unknown}
Potions
 c - a potion of mutation {unknown}
 e - a potion of invisibility {unknown}
 h - 3 potions of brilliance {unknown}
 j - a potion of attraction {unknown}


   Skills:
 - Level 1.1 Fighting
 - Level 1.7 Dodging
 * Level 6.6 Unarmed Combat
 + Level 4.6 Shapeshifting


You had 5 spell levels left.
You didn't know any spells.
Your spell library contained the following spells:

 Spells                   Type           Power      Damage    Failure   Level
 Slow                     Hex            0%         N/A       38%         1
 Wereblood                Tmut           0%         N/A       52%         2
 Confusing Touch          Hex            0%         N/A       77%         3
 Vampiric Draining        Necr           0%         2d6       77%         3
 Volatile Blastmotes      Fire/Tloc      0%         2d10      77%         3
 Fulminant Prism          Conj/Hex       0%         3d5       99%         4
 Iskenderun's Mystic Bla  Conj/Tloc      0%         2d3       99%         4
 Irradiate                Conj/Tmut      0%         3d11      100%        5


Dungeon Overview and Level Annotations

Branches:
Dungeon (5/15)
 Temple: D:4-7

Altars:
Ru
Yredelemnul

Annotations:
D:5 1 transporter


Innate Abilities, Weirdness & Mutations

You are a hulking beast.
Your limbs bulge with bestial killing power. (Slay +3)
Your plain brown scales are hard. (AC +6)
You cannot fit into any form of body armour.
You are cold-blooded and may be slowed by cold attacks.


Message History

Found a scroll labelled BUYTTY ZUNUOM.
The centaur shouts!
The orc shouts!
You hear a shout!
The centaur wields a +0 shortbow.
The centaur shoots an arrow.
The arrow hits you.
An orc comes into view. It is wielding a +0 mace.
You punch the orc!
You kill the orc!
The centaur shoots an arrow.
The arrow hits you.
An orc and an orc priest come into view.
Found a transporter.
The orc shouts!
The orc priest shouts!
The centaur unwields a +0 shortbow.
The centaur barely misses you. The centaur closely misses you.
An orc priest comes into view. It is wielding a +0 dagger.
The centaur completely misses you.
The centaur kicks you but does no damage.
The orc moves out of view.
The centaur wields a +0 shortbow.
The centaur shoots an arrow.
The arrow barely misses you.
The orc priest mumbles some strange prayers to Beogh against you.
Beogh smites you!
You hear a shout!
The orc priest invokes the aid of Beogh against you.
Beogh smites you!
The centaur shoots an arrow.
The arrow hits you.
The centaur shoots an arrow.
The arrow hits you but does no damage.
The centaur shoots an arrow.
The arrow hits you.
* * * LOW HITPOINT WARNING * * *
The centaur shoots an arrow.
The arrow closely misses you.
The orc priest mumbles some strange prayers to Beogh against you.
You barely resist.
The centaur shoots an arrow.
The arrow hits you!
* * * LOW HITPOINT WARNING * * *
Unknown command.
Okay, then.
The orc priest looks encouraged for a moment.
The orc priest invokes the aid of Beogh against you.
Pain shoots through your body!
* * * LOW HITPOINT WARNING * * *
The orc priest calls down the wrath of Beogh upon you.
Beogh smites you!
You die...

######### .... #.......#
... #<.>....# #######
#.......# ....©.
#......(# #.. ..
#.......##########.# o#
#.......h....oc.##.##.##.
#.......#######o..o.#....
#.......# ####..)....
#.......# ###..#..
#.......# #.?...
##.###### ..##.. #.# ..##
o ### ###


You could see a centaur and 2 orc priests.

Vanquished Creatures
  A scorpion (D:4)
  2 hounds
  An orc priest (D:3)
  2 sleepcaps (D:4)
  Terence (D:2)
  An orc wizard (D:4)
  4 gnolls (D:3)
  9 adders
  A worm (D:3)
  A dart slug (D:1)
  7 orcs
  7 ball pythons
  4 bats
  7 endoplasms
  3 giant cockroaches
  9 goblins
  9 hobgoblins
  15 jackals
  4 quokkas
  4 frilled lizards
  9 kobolds
  3 rats (D:1)
104 creatures vanquished.

Notes
Turn   | Place    | Note
-------+----------+-------------------------------------------
     0 | D:1      | floatRand the Draconian Shapeshifter began the quest for
                  | the Orb.
     0 | D:1      | Reached XP level 1. HP: 16/16 MP: 1/1
    82 | D:1      | Found a faded altar of an unknown god.
   107 | D:1      | Reached XP level 2. HP: 23/23 MP: 2/2
   616 | D:2      | Reached XP level 3. HP: 21/28 MP: 3/3
   658 | D:2      | Reached skill level 4 in Unarmed Combat
   766 | D:2      | Noticed Terence
   775 | D:2      | Reached XP level 4. HP: 27/35 MP: 4/4
   777 | D:2      | Killed Terence
  1643 | D:3      | Reached skill level 5 in Unarmed Combat
  1643 | D:3      | Reached XP level 5. HP: 40/40 MP: 5/5
  1835 | D:3      | HP: 1/40 [gnoll/+0 flail (9)]
  2676 | D:4      | Reached XP level 6. HP: 46/47 MP: 6/6
  2688 | D:4      | Reached skill level 6 in Unarmed Combat
  2801 | D:4      | Found a basalt altar of Yredelemnul.
  2863 | D:4      | Found a sacrificial altar of Ru.
  2888 | D:4      | Became a worshipper of Ru the Awakened
  3210 | D:5      | Entered Level 5 of the Dungeon
  3251 | D:5      | Found a transporter.
  3263 | D:5      | Killed from afar by an orc priest

Illustrated notes

Levels and vault maps discovered:
D:1:      dpeg_arrival_fog, layout_rooms, chequers_ecumenical_altar_island,
          kennysheep_boxes
D:2:      layout_basic, uniq_terence
D:3:      layout_basic
D:4:      layout_rooms, mainiacjoe_overflow_24_doors, nicolae_ru_awakened_eye,
          minmay_misc_feat_pillars
D:5:      gammafunk_cloud_chamber, layout_rooms,
          minmay_temple_entry_stoned_glass, corexii_hall_statues_l,
          uniq_blork_the_orc

Skill      XL: |  1  2  3  4  5  6 |
---------------+-------------------+-----
Unarmed Combat | 4 5 6 |  6.6
Shapeshifting  | 4 |  4.6
Fighting       | |  1.1
Dodging        | |  1.7

Action                     |  1- 3 |  4- 6 || total
---------------------------+-------+-------++-------
  Melee: Unarmed           |    85 |   209 ||   294
         Tailslap          |     6 |    21 ||    27
         Punch             |       |     3 ||     3
    Use: Potion            |     1 |       ||     1
         Scroll            |       |     1 ||     1
   Stab: Sleeping          |       |     2 ||     2
 Armour: Skin              |    18 |    97 ||   115
  Dodge: Dodged            |    63 |   134 ||   197

Table legend: (Time is in decaauts)
 A = Elapsed time spent in this place.
 B = Non-inter-level travel time spent in this place.
 C = Inter-level travel time spent in this place.
 D = Time resting spent in this place.
 E = Time spent auto-exploring this place.
 F = Levels seen in this place.
 G = Mean time per level.
                   A        B        C        D        E       F      G
               +--------+--------+--------+--------+--------+-----+--------+
         Total |   3266 |   3151 |    115 |    274 |   2110 |   5 |  653.2 |
       Dungeon |   3266 |   3151 |    115 |    274 |   2110 |   5 |  653.2 |
               +--------+--------+--------+--------+--------+-----+--------+

Top non-repeatable levels by time:
     D:2: 1101 daAuts
     D:3: 993 daAuts
     D:4: 573 daAuts
     D:1: 546 daAuts
     D:5: 52 daAuts
